 Dungeon Crawl Stone Soup version 0.27.1 (webtiles) character file.

Game seed: 8773501481208093894

205 Rickety the Grave Robber (level 5, -1/38 HPs)
             Began as a Gnoll Necromancer on Sept 3, 2021.
             Slain by a hobgoblin (10 damage)
             ... on level 3 of the Dungeon.
             The game lasted 00:09:36 (4019 turns).

Rickety the Grave Robber (Gnoll Necromancer)        Turns: 4019, Time: 00:09:38

Health: -1/38      AC:  5    Str:  8    XL:     5   Next: 83%
Magic:  9/12       EV: 13    Int: 15    God:
Gold:   136        SH:  0    Dex: 12    Spells: 9/14 levels left

rFire    . . .     SeeInvis .   k - +0 flail
rCold    . . .     Faith    .   (no shield)
rNeg     . . .     Spirit   .   a - +0 robe
rPois    .         Reflect  .   j - +1 helmet
rElec    .         Harm     .   h - +0 cloak
rCorr    .         Rampage  .   (no gloves)
Will     .....                  (no boots)
Stlth    +++.......             (no amulet)
HPRegen  0.12/turn              (no ring)
MPRegen  0.13/turn              (no ring)

@: no status effects
A: fangs 1, strong nose, distributed training
a: no special abilities


You were on level 3 of the Dungeon.
You visited 1 branch of the dungeon, and saw 3 of its levels.

You collected 136 gold pieces.

Inventory:

Hand Weapons
 d - a +0 whip
 k - a +0 flail (weapon)
Missiles
 e - 3 boomerangs
Armour
 a - a +0 robe (worn)
 h - a +0 cloak (worn)
 j - a +1 helmet (worn)
Scrolls
 c - 3 scrolls of identify {unknown}
 g - a scroll of vulnerability {unknown}
 i - a scroll of fear {unknown}
Potions
 b - 2 potions of heal wounds {unknown}
 f - 3 potions of attraction {unknown}


   Skills:
 + Level 1.6 Fighting
 + Level 1.6 Short Blades
 + Level 1.6 Long Blades
 + Level 1.6 Axes
 + Level 1.6 Maces & Flails
 + Level 1.6 Polearms
 + Level 1.6 Staves
 + Level 1.6 Slings
 + Level 1.6 Bows
 + Level 1.6 Crossbows
 + Level 1.6 Throwing
 + Level 1.6 Armour
 + Level 4.8 Dodging
 + Level 4.5 Stealth
 + Level 1.6 Shields
 + Level 1.6 Unarmed Combat
 + Level 5.2 Spellcasting
 + Level 1.3 Conjurations
 + Level 1.3 Hexes
 + Level 1.3 Summonings
 + Level 7.2 Necromancy
 + Level 1.3 Translocations
 + Level 1.3 Transmutations
 + Level 1.3 Fire Magic
 + Level 1.3 Ice Magic
 + Level 1.3 Air Magic
 + Level 1.3 Earth Magic
 + Level 1.3 Poison Magic
 + Level 1.9 Invocations
 + Level 1.6 Evocations


You had 9 spell levels left.
You knew the following spells:

 Your Spells              Type           Power      Damage    Failure   Level
a - Pain                  Necr           100%       1d9       1%          1
b - Animate Skeleton      Necr           50%        N/A       1%          1
c - Vampiric Draining     Necr           12%        2d7       2%          3

Your spell library contained the following spells:

 Spells                   Type           Power      Damage    Failure   Level
 Animate Dead             Necr           12%        N/A       9%          4
 Agony                    Necr           25%        N/A       22%         5
 Gell's Gravitas          Tloc           3%         N/A       28%         3
 Teleport Other           Tloc           7%         N/A       28%         3
 Dispersal                Tloc           3%         N/A       100%        6


Dungeon Overview and Level Annotations

Branches:
Dungeon (3/15)

Altars:
Hepliaklqana
Ru

Shops:
D:2 =


Innate Abilities, Weirdness & Mutations

You have very sharp teeth.
Your uncanny sense of smell can sniff out nearby items.
Your experience applies equally to all skills.


Message History

The ball python bites you but does no damage.
The ball python constricts you.
You hit the ball python.
The ball python is severely wounded.
The ball python bites you but does no damage.
The ball python constricts you.
You hit the ball python but do no damage.
The ball python is severely wounded.
The ball python bites you. The ball python constricts you.
The ball python misses you. The ball python constricts you.
You hit the river rat but do no damage. The ball python closely misses you.
The ball python constricts you. The river rat barely misses you.
Your quokka skeleton bites the ball python.
The ball python dies!
The ball python's corpse dissolves into shadows!
You hit the river rat.
The river rat is moderately wounded.
The river rat completely misses you. The river rat barely misses you.
You hit the hobgoblin but do no damage.
The hobgoblin hits you with a +0 quarterstaff.
* * * LOW HITPOINT WARNING * * *
Your quokka skeleton bites the river rat.
The river rat barely misses you.
The hobgoblin hits you but does no damage.
Casting: Animate Skeleton (safe; 1% risk of failure)
Confirm with . or Enter, or press ? or * to list all spells.
You don't know that spell.
Casting: Animate Skeleton (safe; 1% risk of failure)
Confirm with . or Enter, or press ? or * to list all spells.
Okay, then.
Casting: Animate Skeleton (safe; 1% risk of failure)
Confirm with . or Enter, or press ? or * to list all spells.
Aiming: Vampiric Draining (dangerous; 2% risk of failure)
Press: ? - help, Shift-Dir - straight line Nothing appears to happen.
Your quokka skeleton barely misses the river rat.
The river rat bites you.
* * * LOW HITPOINT WARNING * * *
The hobgoblin hits you with a +0 quarterstaff!
You die...

... #>..... #..
#.#.#.. ..# #.#.#.#
#r# #.#.#.#
#.#######.#.#..
#####r.#......#.#..
#..Zo..#.####.#.#.≈
#r###....<....#.#..
#Z@go...........#.≈
#..##.#..##...#.#..
#..##.#....<.......
#..##.#######.###.#
#..##.#.. .......<#
#..##.#.# ###.###.#
#..##.#.# #.# #.#
#..#..#.# #.# #.#
#..##.#.# ###+###.#


You could see a river rat (ally target), an orc (summoned), a hobgoblin and a
friendly quokka skeleton.

Vanquished Creatures
  A bullfrog (D:3)
  2 gnolls (D:3)
  6 adders
  2 worms
  A dart slug (D:3)
  7 endoplasms
  A giant cockroach (D:2)
  4 goblins (D:1)
  7 hobgoblins (D:1)
  5 jackals (D:1)
  3 quokkas
  2 ball pythons
  4 bats
  5 frilled lizards
  4 kobolds
  4 rats
58 creatures vanquished.

Vanquished Creatures (collateral kills)
  A gnoll (D:3)
  An adder (D:2)
  A goblin (D:3)
3 creatures vanquished.

Vanquished Creatures (others)
  3 plants (D:3)
3 creatures vanquished.

Grand Total: 64 creatures vanquished

Notes
Turn   | Place    | Note
-------+----------+-------------------------------------------
     0 | D:1      | Rickety the Gnoll Necromancer began the quest for the Orb.
     0 | D:1      | Reached XP level 1. HP: 13/13 MP: 6/6
   401 | D:1      | Reached XP level 2. HP: 14/19 MP: 3/7
   983 | D:1      | Reached XP level 3. HP: 24/25 MP: 7/9
  1017 | D:1      | Reached skill level 5 in Spellcasting
  1194 | D:1      | Learned a level 1 spell: Animate Skeleton
  1910 | D:2      | Reached skill level 1 in Invocations
  1920 | D:2      | Reached skill level 1 in Fighting
  1920 | D:2      | Reached skill level 1 in Short Blades
  1920 | D:2      | Reached skill level 1 in Long Blades
  1920 | D:2      | Reached skill level 1 in Axes
  1920 | D:2      | Reached skill level 1 in Maces & Flails
  1920 | D:2      | Reached skill level 1 in Polearms
  1920 | D:2      | Reached skill level 1 in Staves
  1920 | D:2      | Reached skill level 1 in Slings
  1920 | D:2      | Reached skill level 1 in Bows
  1920 | D:2      | Reached skill level 1 in Crossbows
  1920 | D:2      | Reached skill level 1 in Throwing
  1920 | D:2      | Reached skill level 1 in Armour
  1920 | D:2      | Reached skill level 1 in Shields
  1920 | D:2      | Reached skill level 1 in Unarmed Combat
  1920 | D:2      | Reached skill level 1 in Evocations
  1927 | D:2      | Reached XP level 4. HP: 9/32 MP: 2/11
  2464 | D:2      | Found Riaru's Jewellery Shoppe.
  2479 | D:2      | Reached skill level 1 in Conjurations
  2479 | D:2      | Reached skill level 1 in Hexes
  2479 | D:2      | Reached skill level 1 in Summonings
  2479 | D:2      | Reached skill level 1 in Translocations
  2479 | D:2      | Reached skill level 1 in Transmutations
  2479 | D:2      | Reached skill level 1 in Fire Magic
  2479 | D:2      | Reached skill level 1 in Ice Magic
  2479 | D:2      | Reached skill level 1 in Air Magic
  2479 | D:2      | Reached skill level 1 in Earth Magic
  2479 | D:2      | Reached skill level 1 in Poison Magic
  2483 | D:2      | Learned a level 3 spell: Vampiric Draining
  3334 | D:3      | Found a sacrificial altar of Ru.
  3386 | D:3      | Noticed a bullfrog
  3401 | D:3      | Killed a bullfrog
  3402 | D:3      | Reached XP level 5. HP: 26/37 MP: 12/12
  3698 | D:3      | Found a faded altar of an unknown god.
  3777 | D:3      | Found a hazy altar of Hepliaklqana.
  4019 | D:3      | Slain by a hobgoblin

Illustrated notes

Levels and vault maps discovered:
D:1:      lightli_arrival_statue_moat, layout_basic
D:2:      layout_basic, serial_shops, nicolae_shop_statue_plus,
          minmay_heptomino_h4
D:3:      layout_basic, nicolae_hepliaklqana_hazy_memory,
          nicolae_ru_path_of_blood, nicolae_gozag_seed_capital,
          portal_sewer_entry_a, shapermc_ecumenical_altar_hornbeckon

Skill      XL: |  1  2  3  4 |
---------------+-------------+-----
Spellcasting   | 5 |  5.2
Invocations    | 1 |  1.9
Fighting       | 1 |  1.6
Short Blades   | 1 |  1.6
Long Blades    | 1 |  1.6
Axes           | 1 |  1.6
Maces & Flails | 1 |  1.6
Polearms       | 1 |  1.6
Staves         | 1 |  1.6
Slings         | 1 |  1.6
Bows           | 1 |  1.6
Crossbows      | 1 |  1.6
Throwing       | 1 |  1.6
Armour         | 1 |  1.6
Shields        | 1 |  1.6
Unarmed Combat | 1 |  1.6
Evocations     | 1 |  1.6
Conjurations   | 1 |  1.3
Hexes          | 1 |  1.3
Summonings     | 1 |  1.3
Translocations | 1 |  1.3
Transmutations | 1 |  1.3
Fire Magic     | 1 |  1.3
Ice Magic      | 1 |  1.3
Air Magic      | 1 |  1.3
Earth Magic    | 1 |  1.3
Poison Magic   | 1 |  1.3
Dodging        | |  4.8
Stealth        | |  4.5
Necromancy     | |  7.2

Action                   |  1- 3 |  4- 6 || total
-------------------------+-------+-------++-------
Melee: Unarmed           |    12 |       ||    12
       Whip              |    22 |    43 ||    65
       Bite              |     1 |     4 ||     5
       Flail             |       |    13 ||    13
 Cast: Pain              |    42 |    44 ||    86
       Animate Skeleton  |     7 |     3 ||    10
       Vampiric Draining |       |     1 ||     1
 Stab: Sleeping          |     1 |     2 ||     3
Armor: Robe              |     8 |    20 ||    28
Dodge: Dodged            |    29 |    44 ||    73
